 Dungeon Crawl Stone Soup version 0.31.0-9-g3a7656b989 (webtiles) character file.

Game seed: 7453644330154141267

3159 Ebobla the Cleaver (level 9, 0/79 HPs)
             Began as a Hill Orc Fighter on Feb 2, 2024.
             Was a Believer of Trog.
             Slain by wooly's ghost (14 damage)
             ... on level 7 of the Dungeon.
             The game lasted 00:13:00 (7456 turns).

Ebobla the Cleaver (Hill Orc Fighter)               Turns: 7456, Time: 00:13:01

Health: 0/79       AC: 13    Str: 23    XL:     9   Next: 94%
Magic:  9/9        EV: 11    Int:  8    God:    Trog [**....]
Gold:   637        SH:  4    Dex: 10    Spells: 8/8 levels left

rFire   . . .        a - +1 war axe (venom)
rCold   + . .        c - +0 buckler
rNeg    . . .        l - +3 ring mail {rC+}
rPois   .            m - +0 helmet
rElec   .            k - +0 cloak
rCorr   .            q - +0 pair of gloves
SInv    .            (no boots)
Will    .....        d - amulet of faith
Stlth   +            (no ring)
HPRegen 0.33/turn    (no ring)
MPRegen 0.11/turn

%: faith
@: on berserk cooldown, slowed, very slow
A: no striking features
a: Renounce Religion, Berserk, Trog's Hand


You were on level 7 of the Dungeon.
You worshipped Trog.
Trog was pleased with you.
You visited 2 branches of the dungeon, and saw 10 of its levels.

You collected 637 gold pieces.

Inventory:

Hand Weapons
 a - a +1 war axe of venom (weapon)
Missiles
 r - 2 throwing nets (quivered)
Armour
 b - a +0 scale mail
 c - a +0 buckler (worn)
 k - a +0 cloak (worn)
 l - a +3 ring mail of cold resistance (worn)
 m - a +0 helmet (worn)
 q - a +0 pair of gloves (worn)
Jewellery
 d - an amulet of faith (around neck)
 p - an amulet of faith
Wands
 j - a wand of roots (12)
 t - a wand of charming (13)
Scrolls
 e - 2 scrolls of immolation {unknown}
 i - a scroll of fog {unknown}
 n - 6 scrolls of identify
 o - 3 scrolls of fear
 s - a scroll of vulnerability
 u - a scroll of enchant weapon
 x - a scroll of revelation {unknown}
 y - a scroll of poison {unknown}
 A - a scroll of blinking
Potions
 g - 2 potions of degeneration
 h - 2 potions of magic
 v - a potion of invisibility {unknown}
 w - 2 potions of resistance {unknown}
 z - a potion of lignification {unknown}


   Skills:
 + Level 7.3 Fighting
 + Level 12.4 Axes
 + Level 7.4 Armour
 + Level 3.4 Dodging
 - Level 0.7 Stealth
 + Level 4.8 Shields


You had 8 spell levels left.
You didn't know any spells.
Your spell library contained the following spells:

 Spells                   Type           Power      Damage    Failure   Level
 Lesser Beckoning         Tloc           0%         N/A       75%         2
 Gell's Gravitas          Tloc           0%         N/A       93%         3
 Teleport Other           Tloc           0%         N/A       93%         3


Dungeon Overview and Level Annotations

Branches:
Dungeon (9/15)             Temple (1/1) D:4
   Lair: D:8-11         Orc: D:9-12

Altars:
Ashenzari
Cheibriados
Dithmenos
Elyvilon
Fedhas
Hepliaklqana
Nemelex Xobeh
Okawaru
Ru
Trog
Uskayaw
Wu Jian
Xom
Yredelemnul
Zin
The Shining One

Shops:
D:7 *   D:8 ?

Annotations:
D:7 1 transporter, wooly's ghost, novice MiFi


Message History

Wooly's ghost hits you! The ice beast barely misses you.
Wooly's ghost says, "They lied to you.
The Dungeon just goes down and down forever."
Wooly's ghost closely misses you.
You feel better. The ice beast barely misses you. Wooly's ghost hits you.
Unknown command.
You feel better. You block the ice beast's attack.
You block wooly's ghost's attack. The ice beast closely misses you.
Wooly's ghost hits you.
You feel better. You block the ice beast's attack. Wooly's ghost hits you.
You hit wooly's ghost but do no damage.
Wooly's ghost is severely damaged.
You hit the ice beast.
The ice beast is poisoned.
You feel the effects of Trog's Hand fading.
The ice beast closely misses you.
Wooly's ghost hits you but does no damage.
The ice beast hits you but does no damage.
Wooly's ghost wails, "You will never get the ORB!"
Wooly's ghost hits you!
You slash wooly's ghost!
Wooly's ghost is almost destroyed.
You slash the ice beast!
You kill the ice beast!
Trog accepts your kill.
Wooly's ghost hits you but does no damage.
You closely miss wooly's ghost.
Wooly's ghost is almost destroyed.
Wooly's ghost hits you!
You hit wooly's ghost but do no damage.
Wooly's ghost is almost destroyed.
Wooly's ghost hits you! Wooly's ghost misses you.
You hit wooly's ghost.
Wooly's ghost is almost destroyed.
Your skin stops crawling.
You feel less strong-willed. Wooly's ghost hits you!
* * * LOW HITPOINT WARNING * * *
Okay, then.
As you read the scroll of fear, it crumbles to dust.
You assume a fearsome visage.
Wooly's ghost is unaffected.
Wooly's ghost hits you!
You die...

##...........#####.....##.....#..
##.........###.©.###......<...##.
#.........## ......#...........#.
..........# #.#...#......#......
#.......#.#..#.#...#.....###.....
###...#.#.##.....#.##....#⌠_..∩..
##...#.#..#:.#...#.#....###.....
#....#...©#?[.©#...#.....#......
##...###..#)#.†@..##.......#..#.
##### #.##.#..W#.#©.........[##
#.# .#.##. ##.#.......## #.# #..
.. ##......# #.##..#
..##.........# #..#...
.##..........# ##.##.## ##
.###....### ...### #..#


You could see wooly's ghost.

Vanquished Creatures
  A moth of wrath (D:7)
  Sigmund (D:2)
  A wyvern (D:5)
  An ice beast (D:7)
  4 sky beasts
  2 ogres (D:6)
  2 centaurs
  4 bullfrogs
  5 scorpions
  2 wights (D:8)
  A howler monkey (D:6)
  2 jellies (D:6)
  5 hounds
  2 orc priests
  Crazy Yiuf (D:4)
  2 gnoll boudas
  2 sleepcaps (D:4)
  Terence (D:2)
  4 iguanas
  6 orc wizards
  7 adders
  15 gnolls
  A shadow imp (D:5)
  2 ufetubi (D:7)
  A ribbon worm (D:3)
  4 dart slugs
  21 orcs
  9 bats
  9 endoplasms
  5 giant cockroaches
  3 goblins
  6 hobgoblins
  12 jackals
  6 quokkas
  6 ball pythons
  A frilled lizard (D:3)
  9 kobolds
  6 rats
172 creatures vanquished.

Notes
Turn   | Place    | Note
-------+----------+-------------------------------------------
     0 | D:1      | Ebobla the Hill Orc Fighter began the quest for the Orb.
     0 | D:1      | Reached XP level 1. HP: 19/19 MP: 1/1
   125 | D:1      | Reached XP level 2. HP: 27/27 MP: 2/2
   215 | D:1      | Reached skill level 3 in Axes
   529 | D:1      | Found a faded altar of an unknown god.
   584 | D:1      | Reached XP level 3. HP: 30/33 MP: 3/3
  1015 | D:2      | Reached skill level 4 in Axes
  1075 | D:2      | Reached XP level 4. HP: 36/40 MP: 4/4
  1172 | D:2      | Noticed Sigmund
  1178 | D:2      | Killed Sigmund
  1179 | D:2      | Reached skill level 6 in Axes
  1179 | D:2      | Reached XP level 5. HP: 43/46 MP: 5/5
  1179 | D:2      | Reached XP level 6. HP: 49/52 MP: 6/6
  1233 | D:2      | Noticed Terence
  1240 | D:2      | Killed Terence
  1823 | D:3      | Reached skill level 1 in Dodging
  2878 | D:3      | Reached skill level 7 in Axes
  2973 | D:4      | Found a snail-covered altar of Cheibriados.
  3006 | D:4      | Reached XP level 7. HP: 60/60 MP: 7/7
  3036 | D:4      | Found a runed translucent door.
  3037 | D:4      | Noticed Crazy Yiuf
  3096 | D:4      | Paralysed by Crazy Yiuf for 1 turns
  3099 | D:4      | Killed Crazy Yiuf
  3100 | D:4      | Reached skill level 5 in Armour
  3161 | D:4      | Found a staircase to the Ecumenical Temple.
  3168 | Temple   | Entered the Ecumenical Temple
  3199 | Temple   | Became a worshipper of Trog the Wrathful
  3332 | D:4      | Identified the +8 dagger of Brawling {antimagic, Str+5}
  3425 | D:4      | HP: 3/60 [gnoll/+0 whip[a gnoll bouda] (3)]
  3836 | D:4      | Reached skill level 5 in Fighting
  3974 | D:4      | Found a hide-covered altar of Uskayaw.
  4064 | D:4      | Reached skill level 8 in Axes
  4423 | D:5      | Entered Level 5 of the Dungeon
  4607 | D:5      | Reached * piety under Trog
  4608 | D:5      | Reached XP level 8. HP: 66/68 MP: 8/8
  4669 | D:5      | Noticed a wyvern
  4679 | D:5      | Killed a wyvern
  5113 | D:5      | Reached skill level 9 in Axes
  5565 | D:6      | Found a shadowy altar of Dithmenos.
  5896 | D:6      | Reached ** piety under Trog
  5897 | D:6      | Reached skill level 10 in Axes
  5897 | D:6      | Reached XP level 9. HP: 63/75 MP: 9/9
  6437 | D:6      | Found a broken altar of Ashenzari.
  6505 | D:6      | You fall into a shaft and drop 3 floors!
  6603 | D:8      | Found Pihef's Magic Scroll Shop.
  6614 | D:7      | Found a basalt altar of Yredelemnul.
  6701 | D:7      | Found Zin's Purification Station.
  6704 | D:7      | Found a glowing silver altar of Zin.
  7052 | D:7      | Reached skill level 11 in Axes
  7382 | D:7      | Found a transporter.
  7393 | D:7      | Found a transporter.
  7421 | D:7      | Found the +3 pair of mountain boots {steadfast, rC+}
  7421 | D:7      | Noticed a moth of wrath
  7425 | D:7      | Noticed wooly's ghost (novice MiFi)
  7436 | D:7      | Killed a moth of wrath
  7437 | D:7      | Reached skill level 12 in Axes
  7456 | D:7      | Slain by wooly's ghost

Illustrated notes

Levels and vault maps discovered:
D:1:      dpeg_arrival_central, layout_loops_cross,
          shapermc_ecumenical_altar_ellora
D:2:      layout_loops_ring, uniq_terence, uniq_sigmund
D:3:      layout_basic, grunt_ministairs_7
D:4:      layout_basic, mainiacjoe_overflow_brackets, kennysheep_slug_shrine,
          minmay_temple_entry_gardened_gates, uniq_crazy_yiuf_cottage
D:5:      layout_loops_cross
D:6:      layout_loops_corners, nicolae_dithmenos_through_a_glass_darkly,
          nicolae_overflow_hidden_temple, minivault_26
D:7:      layout_cave_pools, zin_purify, mainiacjoe_overflow_tiny_flanked,
          gammafunk_ghost_berserking_beasts
D:8:      layout_basic, grunt_temple_overflow_magic_moments, serial_shops, shop,
          kennysheep_small_circle
D:9:      layout_cross, lemuel_crystal_altar, lemuel_tele_altar,
          erik_lair_island
Temple:   hellmonk_temple_beads

Skill      XL: |  1  2  3  4  5  6  7  8  9 |
---------------+----------------------------+-----
Axes           | 3 4 6 7 8 10 12 | 12.4
Armour         | 4 5 6 7 |  7.4
Fighting       | 4 5 6 7 |  7.3
Dodging        | 1 2 3 |  3.4
Shields        | 4 |  4.8
Stealth        | |  0.7

Action                     |  1- 3 |  4- 6 |  7- 9 || total
---------------------------+-------+-------+-------++-------
  Melee: War axe           |    91 |   118 |   294 ||   503
 Invoke: Berserk           |       |       |     1 ||     1
         Trog's Hand       |       |       |     1 ||     1
    Use: Scroll            |     2 |     2 |    12 ||    16
         Potion            |       |     2 |     5 ||     7
 Armour: Scale mail        |    67 |    38 |       ||   105
         Ring mail         |       |    61 |   242 ||   303
  Dodge: Dodged            |    51 |    61 |   151 ||   263
  Block: Buckler           |    19 |    30 |    55 ||   104
